 Dungeon Crawl Stone Soup version 0.27-a0-1416-g941b2bd30b (webtiles) character file.

Game seed: 17482142463493893690

36 wesbby the Ruffian (level 3, -19/36 HPs)
             Began as a Troll Berserker on July 1, 2021.
             Was a Follower of Trog.
             Demolished by a gnoll (21 damage)
             ... on level 2 of the Dungeon.
             The game lasted 00:01:23 (815 turns).

wesbby the Ruffian (Troll Berserker)                 Turns: 815, Time: 00:01:24

Health: -19/36     AC:  4    Str: 26    XL:     3   Next: 19%
Magic:  2/2        EV: 10    Int:  3    God:    Trog [*.....]
Gold:   48         SH:  0    Dex:  9    Spells: 2/2 levels left

rFire    . . .     SeeInvis .     - Unarmed
rCold    . . .     Faith    .   (no shield)
rNeg     . . .     Spirit   .   a - +0 animal skin
rPois    .         Reflect  .   (helmet restricted)
rElec    .         Harm     .   (no cloak)
rCorr    .         Rampage  .   (gloves unavailable)
Will     .....                  (boots unavailable)
Stlth    +.........             (no amulet)
HPRegen  1.12/turn              (no ring)
MPRegen  0.08/turn              (no ring)

@: no status effects
A: large, unfitting armour, claws 3, regeneration 1, shaggy fur 1, tough skin 1
a: Renounce Religion, Berserk


You were on level 2 of the Dungeon.
You worshipped Trog.
Trog was aware of your devotion.
You visited 1 branch of the dungeon, and saw 2 of its levels.

You collected 48 gold pieces.

Inventory:

Armour
 a - a +0 animal skin (worn)
Scrolls
 b - a scroll of amnesia {unknown}
 g - a scroll of identify {unknown}
Potions
 d - a potion of curing {unknown}
 e - a potion of heal wounds {unknown}
 f - a potion of mutation {unknown}


   Skills:
 + Level 2.7 Fighting
 + Level 2.8 Dodging
 + Level 3.6 Unarmed Combat


You had 2 spell levels left.
You didn't know any spells.
Your spell library was empty.

Dungeon Overview and Level Annotations

Branches:
Dungeon (2/15)

Altars:

Shops:
D:1 (


Innate Abilities, Weirdness & Mutations

You are too large for most types of armour.
You have claws for hands.
Your natural rate of healing is unusually fast.
You are covered in fur. (AC +1)
You have tough skin. (AC +1)


Message History

The gnoll closely misses you.
The giant cockroach bites you but does no damage.
You climb upwards.
There is a stone staircase leading down here.
You claw the endoplasm!
You kill the endoplasm!
Trog accepts your kill. The giant cockroach closely misses you.
You scratch the giant cockroach.
The giant cockroach is heavily wounded.
The giant cockroach closely misses you.
You scratch the giant cockroach but do no damage.
The giant cockroach is heavily wounded.
The giant cockroach bites you but does no damage.
You claw the giant cockroach!
You kill the giant cockroach!
Trog accepts your kill.
There is a stone staircase leading down here.
There is a stone staircase leading down here.
There is a stone staircase leading down here.
You climb downwards.
The ball python barely misses you. x2
There is a stone staircase leading up here.
You claw the ball python!
You kill the ball python!
Trog accepts your kill.
The gnoll hits you from afar with a +2 spear of distortion.
Space bends around you.
You see here a ball python corpse.
The gnoll hits you from afar with a +2 spear of distortion.
There is a stone staircase leading up here.
The gnoll hits you from afar with a +2 spear of distortion.
Space warps horribly around you!
* * * LOW HITPOINT WARNING * * *
You see here a ball python corpse.
The gnoll barely misses you.
The gnoll hits you from afar with a +2 spear of distortion!
* * * LOW HITPOINT WARNING * * *
Space warps horribly around you!!
Ouch! That really hurt!
You die...

#.
................#g#.......
.............#.#.######
.####..........#.#.......
....#..........#.#......#
...............#.#.......
.........#######.#.####.#
.......g.# .... #...
#........## ..# #..#
........@<# ...# #...
##....##### ...# #...
...... ..... #... ......
#... ...... #... .....
#### #...


You could see a gnoll.

Vanquished Creatures
  A gnoll (D:2)
  A dart slug (D:1)
  2 bats (D:1)
  3 endoplasms (D:1)
  2 giant cockroaches (D:1)
  A hobgoblin (D:1)
  3 jackals (D:1)
  A quokka (D:1)
  3 ball pythons
  4 frilled lizards (D:1)
  A goblin (D:1)
  2 kobolds (D:1)
  A rat (D:1)
25 creatures vanquished.

Notes
Turn   | Place    | Note
-------+----------+-------------------------------------------
     0 | D:1      | wesbby the Troll Berserker began the quest for the Orb.
     0 | D:1      | Reached XP level 1. HP: 22/22 MP: 0/0
   117 | D:1      | Found a faded altar of an unknown god.
   140 | D:1      | Reached XP level 2. HP: 24/29 MP: 1/1
   470 | D:1      | Found Enaveng's Weapon Shoppe.
   745 | D:2      | Reached XP level 3. HP: 3/36 MP: 2/2
   815 | D:2      | Demolished by a gnoll

Illustrated notes

Levels and vault maps discovered:
D:1:      wander_arrival_desolate, layout_loops_ring, basic_ecumenical_altar,
          serial_shops, shop, minmay_hedge_maze, chequers_serial_rivers_micro_c,
          amcnicky_mini_corridor_feature
D:2:      layout_basic, minmay_bisected

Action                   || total
-------------------------++-------
Melee: Unarmed           ||    75
  Use: Scroll            ||     1
Armor: Animal skin       ||    29
Dodge: Dodged            ||    74

Table legend: (Time is in decaauts)
 A = Elapsed time spent in this place.
 B = Non-inter-level travel time spent in this place.
 C = Inter-level travel time spent in this place.
 D = Time resting spent in this place.
 E = Time spent auto-exploring this place.
 F = Levels seen in this place.
 G = Mean time per level.
                   A        B        C        D        E       F      G
               +--------+--------+--------+--------+--------+-----+--------+
         Total |    811 |    770 |     41 |      0 |    561 |   2 |  405.5 |
       Dungeon |    811 |    770 |     41 |      0 |    561 |   2 |  405.5 |
               +--------+--------+--------+--------+--------+-----+--------+

Top non-repeatable levels by time:
     D:1: 692 daAuts
     D:2: 118 daAuts
